 Dungeon Crawl Stone Soup version 0.18.1-8-gdd0e5ea (webtiles) character file.

771 Ashar the Covert (level 7, 0/34 HPs)
             Began as a Vine Stalker Assassin on May 21, 2016.
             Succumbed to Dowan's poison
             ... on level 5 of the Dungeon.
             The game lasted 00:17:44 (3344 turns).

Ashar the Covert (Vine Stalker Assassin)            Turns: 3344, Time: 00:17:44

Health: 0/34       AC:  5    Str: 17 (18) XL:     7   Next: 83%
Magic:  8/8        EV: 13    Int:  8 (11) God:
Gold:   191        SH:  0    Dex: 16 (18) Spells: 0 memorised, 6 levels left

rFire  + . .     SeeInvis .     a - +2 dagger
rCold  . . .     Gourm    .     K - +0 leather armour {rF+}
rNeg   + . .     Faith    .     (no shield)
rPois  .         Spirit   +     (no helmet)
rElec  .         Dismiss  .     d - +0 cloak
rCorr  .         Reflect  .     G - +0 pair of gloves
SustAt .         Harm     .     (no boots)
MR     +....                    (no amulet)
Stlth  ++++......               r - ring of positive energy
                                B - ring of protection from magic

@: mighty, lethally poisoned (0 -> -16), somewhat resistant to hostile
enchantments, stealthy
A: fangs 2, regeneration 2, magic shield, antimagic bite, no device heal 3, rot
immunity
a: no special abilities


You were on level 5 of the Dungeon.
You were very hungry.

You visited 1 branch of the dungeon, and saw 5 of its levels.

You collected 191 gold pieces.

Inventory:

Hand Weapons
 a - a +2 dagger (weapon)
 b - a +0 blowgun
Missiles
 e - 61 poisoned needles
 f - 2 curare-tipped needles
Armour
 d - a +0 cloak (worn)
 G - a +0 pair of gloves (worn)
 K - a +0 leather armour of fire resistance (worn)
Jewellery
 p - an uncursed ring of sustain attributes
 r - a ring of positive energy (right hand)
 B - a ring of protection from magic (left hand)
 H - an uncursed ring of ice
Wands
 z - a wand of paralysis (4/24)
Scrolls
 j - a scroll of immolation {unknown}
 m - a scroll of enchant armour {unknown}
 n - 2 scrolls of recharging {unknown}
 u - 2 scrolls of teleportation
 x - 4 scrolls of remove curse
 y - a scroll of amnesia {unknown}
 D - a scroll of enchant weapon {unknown}
 E - 2 scrolls of identify {unknown}
 I - a scroll of magic mapping {unknown}
Potions
 h - a potion of magic {unknown}
 i - a potion of berserk rage {unknown}
 l - a potion of lignification {unknown}
 o - 2 potions of might
 s - a potion of resistance {unknown}
 v - a potion of flight {unknown}
 A - a potion of degeneration
 C - a potion of agility {unknown}
 F - a potion of cancellation {unknown}
Comestibles
 g - 5 bread rations
 q - 8 fruits
 t - a slice of pizza
 w - 2 meat rations


   Skills:
 - Level 1.7 Fighting
 * Level 3.3 Short Blades
 - Level 1.7 Throwing
 - Level 1.0 Armour
 + Level 3.7 Dodging
 * Level 9.3 Stealth


You had 6 spell levels left.
You didn't know any spells.

Dungeon Overview and Level Annotations

Branches:
Dungeon (5/15)
 Temple: D:4-7

Altars:
Ashenzari
Cheibriados
Nemelex Xobeh
Okawaru


Innate Abilities, Weirdness & Mutations

You have extremely sharp teeth.
You heal very quickly.
When hurt, damage is shared between your health and your magic reserves.
Your bite disrupts and absorbs the magic of your enemies.
Potions and wands cannot restore your health.
You are immune to rotting.


Message History

Your leather armour prevents you from hitting Dowan.
Dowan is almost dead.
* * * LOW HITPOINT WARNING * * *
You feel sick.
Dowan falters for a moment.
Drink which item? (? for menu, Esc to quit)
It was a potion of might.
You feel very mighty all of a sudden.
* * * LOW HITPOINT WARNING * * *
You feel very sick.
Dowan falters for a moment.
You miss Dowan. You bite Dowan.
Dowan's magic leaks into the air.
You drain his magic.
You kill Dowan!
* * * LOW HITPOINT WARNING * * *
You feel sick.
Drink which item? (? for menu, Esc to quit)
It was a potion of degeneration.
There was something very wrong with that liquid.
You feel weakened.
You feel dopey.
You feel clumsy.
You die...

#...........)..#
#...#.......#
#...#.......#
#...+.......#
#...#.......#
##'#####'##.#
#.# ##'##'##
#.####......#
#..).'.@)...#
######......#
#......#
#......#
#......#
#......#
##+#####


There were no monsters in sight!

Vanquished Creatures
  Duvessa (D:5)
  A sky beast (D:3)
  Dowan (D:5)
  A crimson imp (D:4)
  An orc wizard (D:4)
  An orc priest (D:5)
  A giant frog skeleton (D:5)
  An iguana (D:4)
  2 worker ants (D:4)
  Ijyb (D:2)
  Natasha (thrice) (D:3)
  Terence (D:2)
  9 adders
  2 oozes
  An adder skeleton (D:4)
  2 dart slugs
  2 worms
  2 giant geckos
  15 orcs
  2 ball pythons
  3 giant cockroaches
  4 goblins
  5 hobgoblins
  10 jackals
  6 kobolds
  8 bats
  A giant cockroach zombie (D:5)
  A giant gecko skeleton (D:4)
  2 giant newts
  2 rats
92 creatures vanquished.

Notes
Turn   | Place    | Note
--------------------------------------------------------------
     0 | D:1      | Ashar the Vine Stalker Assassin began the quest for the Orb.
     0 | D:1      | Reached XP level 1. HP: 11/11 MP: 2/2
    21 | D:1      | Reached skill level 5 in Stealth
   133 | D:1      | Reached XP level 2. HP: 15/15 MP: 3/3
   347 | D:1      | Reached skill level 1 in Dodging
   638 | D:1      | Reached XP level 3. HP: 17/18 MP: 4/4
   858 | D:1      | Reached skill level 6 in Stealth
   923 | D:2      | Noticed Ijyb
   945 | D:2      | Paralysed by Ijyb for 4 turns
   953 | D:2      | Paralysed by Ijyb for 7 turns
   997 | D:3      | Noticed Natasha
  1015 | D:3      | Killed Natasha
  1015 | D:3      | Reached XP level 4. HP: 23/23 MP: 5/5
  1152 | D:2      | Found an iron altar of Okawaru.
  1344 | D:2      | Noticed Terence
  1347 | D:2      | Killed Terence
  1347 | D:2      | Reached XP level 5. HP: 26/26 MP: 6/6
  1455 | D:2      | Reached skill level 7 in Stealth
  1456 | D:2      | Paralysed by Ijyb for 2 turns
  1463 | D:2      | Paralysed by Ijyb for 2 turns
  1470 | D:2      | Paralysed by Ijyb for 4 turns
  1477 | D:2      | Killed Ijyb
  1821 | D:3      | Noticed Natasha
  1837 | D:3      | Killed Natasha
  1878 | D:3      | Noticed a sky beast
  1883 | D:3      | Killed a sky beast
  1883 | D:3      | Gained mutation: You heal very quickly. [Vine Stalker growth]
  1883 | D:3      | Reached XP level 6. HP: 30/30 MP: 7/7
  2024 | D:3      | Noticed Natasha
  2041 | D:3      | Killed Natasha
  2041 | D:3      | Reached skill level 8 in Stealth
  2187 | D:4      | Found a sparkling altar of Nemelex Xobeh.
  2496 | D:4      | Reached XP level 7. HP: 34/34 MP: 8/8
  3018 | D:5      | Entered Level 5 of the Dungeon
  3083 | D:5      | Found a snail-covered altar of Cheibriados.
  3106 | D:5      | Found a shattered altar of Ashenzari.
  3152 | D:5      | Reached skill level 9 in Stealth
  3224 | D:5      | Noticed Duvessa
  3224 | D:5      | Noticed Dowan
  3302 | D:5      | Killed Duvessa
  3302 | D:5      | Reached skill level 1 in Armour
  3343 | D:5      | Killed Dowan
  3343 | D:5      | HP: 1/34 [poisoned by Dowan]
  3344 | D:5      | Succumbed to Dowan's poison

Skill      XL: |  1  2  3  4  5  6  7 |
---------------+----------------------+-----
Stealth        | 5 6 7 8 9 |  9.3
Dodging        | 1 2 3 |  3.7
Short Blades   | 2 3 |  3.3
Armour         | 1 |  1.0
Fighting       | |  1.7
Throwing       | |  1.7

Action                   |  1- 3 |  4- 6 |  7- 9 || total
-------------------------+-------+-------+-------++-------
Melee: Dagger            |    77 |   170 |   142 ||   389
       Bite              |    16 |    43 |    55 ||   114
  Use: Scroll            |       |     2 |       ||     2
       Potion            |       |       |     2 ||     2
 Stab: Sleeping          |    12 |    17 |     5 ||    34
  Eat: Chunk             |       |     4 |     3 ||     7
Armor: Robe              |     7 |    19 |     5 ||    31
       Ring mail         |    12 |       |       ||    12
       Leather armour    |       |       |    10 ||    10
Dodge: Dodged            |    34 |    83 |    64 ||   181
